 Dungeon Crawl Stone Soup version 0.32-a0-938-g40ac7a0f4d (webtiles) character file.

Game seed: 5511314840938847910

700 smashvw the Trooper (level 7, -6/56 HPs)
             Began as a Coglin Berserker on Apr 15, 2024.
             Was a Believer of Trog.
             Mangled by a hornet (7 damage)
             ... on level 5 of the Dungeon.
             The game lasted 00:11:45 (3738 turns).

smashvw the Trooper (Coglin Berserker)              Turns: 3738, Time: 00:11:45

Health: -6/56      AC:  3    Str: 19    XL:     7   Next: 65%
Magic:  7/7        EV: 12    Int:  6    God:    Trog [**....]
Gold:   222        SH:  0    Dex: 14    Spells: 6/6 levels left

rFire   + . .        l - +6 shillelagh "Devastator" {shatter}
rCold   + . .        o - +2 club (spect) {Luis}
rNeg    . . .        w - +0 toga "Victory" {*Victory Clar}
rPois   +            (no helmet)
rElec   +            (no cloak)
rCorr   +            q - +0 pair of gloves
SInv    .            (no boots)
Will    .....        (amulet unavailable)
Stlth   +            (ring unavailable)
HPRegen 0.29/turn    (ring unavailable)
MPRegen 0.10/turn    (no gizmo)

%: clarity
@: lethally poisoned (-6 -> -13), resistant, slowed, very slow
A: off-hand wielding, slow wielding, warmup strikes, no jewellery
a: Invent Gizmo, Renounce Religion, Berserk, Trog's Hand


You were on level 5 of the Dungeon.
You worshipped Trog.
Trog was pleased with you.
You visited 1 branch of the dungeon, and saw 5 of its levels.

You collected 222 gold pieces.

Inventory:

Hand Weapons
 a - a +0 hand axe {Chun}
 c - a +0 dagger {Wira}
 k - a +0 war axe {Jasleen}
 l - the +6 shillelagh "Devastator" (weapon) {shatter}
   (You found it on level 2 of the Dungeon)
 o - a +2 spectral club (offhand) {Luis}
Missiles
 x - 2 throwing nets
Armour
 j - a +0 chain mail
 q - a +0 pair of gloves (worn)
 w - the +0 toga "Victory" (worn) {*Victory Clar}
   (You found it on level 4 of the Dungeon)

   *Victory:  When the wearer kills a threatening monster, it has a chance to
   gain +1 AC, +1 Slay, and +1 Int, capping at +7.
   When the wearer uses a scroll or a potion with a hostile monster in sight,
   its bonuses reset to +0.
   Unequipping it also resets its bonuses to +0.
   Clar:      It protects you from confusion, rage, mesmerisation and fear.
Wands
 u - a wand of roots (10)
 D - a wand of flame (6)
Scrolls
 b - a scroll of noise {unknown}
 d - 2 scrolls of teleportation
 f - 2 scrolls of amnesia {unknown}
 g - 6 scrolls of identify {unknown}
 h - a scroll of torment {unknown}
 r - 3 scrolls of vulnerability {unknown}
 s - 2 scrolls of silence {unknown}
 v - a scroll of immolation {unknown}
 y - a scroll of blinking {unknown}
 B - a scroll of enchant weapon {unknown}
Potions
 e - 2 potions of ambrosia {unknown}
 i - a potion of berserk rage {unknown}
 m - a potion of experience {unknown}
 n - a potion of curing {unknown}
 p - 2 potions of resistance
 t - a potion of haste {unknown}
 z - a potion of cancellation {unknown}
 A - a potion of mutation {unknown}
 C - a potion of might {unknown}


   Skills:
 - Level 5.0 Fighting
 - Level 3.9(5.2) Axes
 + Level 4.8(5.4) Maces & Flails
 - Level 2.0 Armour
 + Level 3.6 Dodging


You had 6 spell levels left.
You didn't know any spells.
Your spell library was empty.

Dungeon Overview and Level Annotations

Branches:
Dungeon (5/15)             Temple (0/1) D:5

Altars:
Gozag
Hepliaklqana
Okawaru
Qazlal
Trog
Yredelemnul


Innate Abilities, Weirdness & Mutations

You can wield a second weapon in your off-hand.
It takes a long time for you to wield or remove held weapons.
Your first few attacks do less damage.
You cannot equip rings or amulets.


Message History

You sock the ice beast with the +6 shillelagh "Devastator"!
The ice beast shudders.
The +3 toga "Victory" glows.
You kill the ice beast!
Trog accepts your kill.
No target in view!
A centaur comes into view.
The centaur shouts!
You hear an angry buzzing noise.
The centaur wields a +0 shortbow.
The centaur shoots an arrow.
The arrow hits you.
The centaur shoots an arrow.
The arrow hits you but does no damage.
A hornet comes into view.
The hornet buzzes angrily.
The centaur shoots an arrow.
The arrow hits you!
You hear the hiss of an avalanche of sand nearby.
The centaur shoots an arrow.
The arrow hits you!
The centaur shoots an arrow.
The arrow hits you!
The centaur shoots an arrow.
The arrow misses you.
The centaur shoots an arrow.
The arrow barely misses you.
The centaur shoots an arrow.
The arrow hits you!
The centaur shoots an arrow.
The arrow barely misses you.
The centaur unwields a +0 shortbow.
The centaur misses you. x2
The hornet stings you!
* * * LOW HITPOINT WARNING * * *
You are lethally poisoned!
You feel yourself slow down.
Okay, then.
Okay, then.
Okay, then.
It was a potion of resistance.
You feel protected.
The +0 toga "Victory" stops glowing.
* * * LOW HITPOINT WARNING * * *
You feel very sick. The hornet stings you.
* * * LOW HITPOINT WARNING * * *
The centaur closely misses you. The centaur kicks you.
* * * LOW HITPOINT WARNING * * *
The hornet stings you!
You die...

#..............# #.#.......###
#.#..⌠...⌠..#..# #.###...###
#.#.........##.####.###...#
#......>.........>....######
#.#..)).....####..)......... #
#)#..⌠...⌠..##..)......#### #
#................##.#..#####.##
###.........#.......#..........
##.##.##.###@######..####.#.#
#..#.##...yc........###.#
#...........######.....#
#.#####..#### #.####.# ##.# #.#
#.#########.# #......cy...###
#.#######.....# #.# #.....#


You could see a hornet and a centaur.

Vanquished Creatures
  Eustachio (D:5)
  An ice beast (D:5)
  An ogre (D:4)
  Blork the orc (D:5)
  A gnoll bouda (D:4)
  An orc priest (D:4)
  2 iguanas
  Jessica (D:3)
  An orc wizard (D:4)
  5 gnolls (D:4)
  An adder (D:4)
  A dart slug (D:4)
  2 ribbon worms
  9 orcs
  A bat (D:3)
  5 endoplasms
  4 giant cockroaches
  6 hobgoblins
  5 jackals
  A quokka (D:3)
  8 ball pythons
  3 frilled lizards
  8 goblins
  7 kobolds
  A rat (D:1)
77 creatures vanquished.

Notes
Turn   | Place    | Note
-------+----------+-------------------------------------------
     0 | D:1      | smashvw the Coglin Berserker began the quest for the Orb.
     0 | D:1      | Reached XP level 1. HP: 18/18 MP: 1/1
   560 | D:1      | Reached XP level 2. HP: 21/24 MP: 2/2
   797 | D:2      | Reached XP level 3. HP: 29/29 MP: 3/3
   942 | D:2      | Reached ** piety under Trog
  1097 | D:2      | Found the +6 shillelagh "Devastator" {shatter}
  1611 | D:3      | Noticed Jessica
  1613 | D:3      | Killed Jessica
  1614 | D:3      | Reached XP level 4. HP: 35/37 MP: 4/4
  1663 | D:3      | Found a stormy altar of Qazlal.
  1699 | D:3      | Reached skill level 4 in Fighting
  1772 | D:3      | Found a bloodstained altar of Trog.
  1900 | D:3      | Found a hazy altar of Hepliaklqana.
  2009 | D:3      | Found a basalt altar of Yredelemnul.
  2281 | D:4      | Noticed an ogre
  2291 | D:4      | Reached skill level 1 in Maces & Flails
  2291 | D:4      | Reached XP level 5. HP: 4/43 MP: 5/5
  2844 | D:4      | Found an opulent altar of Gozag.
  2884 | D:4      | Killed an ogre
  2925 | D:4      | Reached skill level 5 in Fighting
  2925 | D:4      | Reached XP level 6. HP: 51/51 MP: 6/6
  3022 | D:4      | Found an iron altar of Okawaru.
  3024 | D:4      | Found a runed translucent door.
  3027 | D:4      | Found the +0 toga "Victory" {*Victory Clar}
  3517 | D:5      | Entered Level 5 of the Dungeon
  3580 | D:5      | Noticed Eustachio
  3586 | D:5      | Killed Eustachio
  3587 | D:5      | Reached XP level 7. HP: 47/56 MP: 7/7
  3648 | D:5      | Found a staircase to the Ecumenical Temple.
  3653 | D:5      | Noticed Blork the orc
  3661 | D:5      | Killed Blork the orc
  3717 | D:5      | Noticed a hornet
  3738 | D:5      | HP: 2/56 [hornet (2)]
  3738 | D:5      | Mangled by a hornet

Illustrated notes

Levels and vault maps discovered:
D:1:      tarquinn_simple_flora_water_b, layout_basic, chequers_mini_garden,
          dreamdust_mushroom_princess, nicolae_houndstooth_variations
D:2:      layout_basic, chequers_big_river, grunt_ministairs_7,
          minmay_surrounded
D:3:      layout_loops_ring, mainiacjoe_overflow_24_doors,
          amcnicky_altar_gilded, lemuel_doored_altar,
          nzn_hepliaklqana_mist_gate, uniq_jessica
D:4:      layout_loops_ring, nicolae_overflow_guarded_unrand_okawaru_victory,
          grunt_gozag_breadcrumbs
D:5:      layout_loops_ring, minmay_temple_entry_large_hall,
          nicolae_ossuary_entry_monument, uniq_crazy_yiuf_cottage, uniq_ijyb,
          uniq_pikel, uniq_eustachio, uniq_blork_the_orc

Skill      XL: |  1  2  3  4  5  6 |
---------------+-------------------+-----
Dodging        | 2 3 |  3.6
Armour         | 2 |  2.0
Fighting       | 4 5 |  5.0
Maces & Flails | 1 2 4 |  4.8
Axes           | |  3.9

Action                     |  1- 3 |  4- 6 |  7- 9 || total
---------------------------+-------+-------+-------++-------
  Melee: Dagger            |    37 |       |       ||    37
         Hand axe          |    44 |       |       ||    44
         War axe           |    10 |     5 |       ||    15
         Shillelagh        |     6 |    41 |     5 ||    52
         Club              |       |    33 |     4 ||    37
 Invoke: Berserk           |       |     1 |       ||     1
    Use: Scroll            |       |     1 |       ||     1
         Potion            |       |       |     1 ||     1
   Stab: Sleeping          |     1 |       |       ||     1
 Armour: Animal skin       |    23 |       |       ||    23
         Chain mail        |    19 |    34 |       ||    53
         Robe              |       |     4 |    11 ||    15
  Dodge: Dodged            |    29 |    14 |     9 ||    52

Table legend: (Time is in decaauts)
 A = Elapsed time spent in this place.
 B = Non-inter-level travel time spent in this place.
 C = Inter-level travel time spent in this place.
 D = Time resting spent in this place.
 E = Time spent auto-exploring this place.
 F = Levels seen in this place.
 G = Mean time per level.
                   A        B        C        D        E       F      G
               +--------+--------+--------+--------+--------+-----+--------+
         Total |   3778 |   3619 |    159 |    373 |   2662 |   5 |  755.6 |
       Dungeon |   3778 |   3619 |    159 |    373 |   2662 |   5 |  755.6 |
               +--------+--------+--------+--------+--------+-----+--------+

Top non-repeatable levels by time:
     D:3: 1156 daAuts
     D:2: 939 daAuts
     D:4: 852 daAuts
     D:1: 609 daAuts
     D:5: 221 daAuts
